 Dungeon Crawl Stone Soup version 0.29.1-13-g9f3cf754e1 (webtiles) character file.

Game seed: 9083589014889686903

165 Priul the Grave Robber (level 5, 0/27 (28) HPs)
             Began as a Deep Elf Necromancer on Feb 8, 2023.
             Slain by a necrophage (6 damage)
             ... on level 4 of the Dungeon.
             The game lasted 00:09:22 (2753 turns).

Priul the Grave Robber (Deep Elf Necromancer)       Turns: 2753, Time: 00:09:24

HP:   0/27 (28)     AC:  4    Str:  5    XL:     5   Next: 21%
MP:   14/14         EV: 13    Int: 22    God:
Gold: 69            SH:  0    Dex: 15    Spells: 6/14 levels left

rFire   . . .      SeeInvis .   o - +0 sling
rCold   . . .      Faith    .   (no shield)
rNeg    . . .      Spirit   .   a - +0 robe
rPois   .          Reflect  .   A - +0 helmet
rElec   .          Harm     .   p - +0 cloak
rCorr   .          Rampage  .   (no gloves)
Will    .....                   (no boots)
Stlth   ++........              (no amulet)
HPRegen 0.09/turn               (no ring)
MPRegen 0.14/turn               (no ring)

@: lightly drained
A: no striking features
a: no special abilities


You were on level 4 of the Dungeon.
You visited 1 branch of the dungeon, and saw 4 of its levels.

You collected 129 gold pieces.
You spent 60 gold pieces at shops.

Inventory:

Hand Weapons
 o - a +0 sling (weapon)
Missiles
 n - 4 poisoned darts
Armour
 a - a +0 robe (worn)
 p - a +0 cloak (worn)
 A - a +0 helmet (worn)
Magical Staves
 y - a staff of poison
Jewellery
 r - an amulet of guardian spirit
Wands
 q - a wand of charming (6) (quivered)
Scrolls
 c - 2 scrolls of fear
 d - 2 scrolls of acquirement {unknown}
 f - a scroll of enchant armour
 i - a scroll of magic mapping
 j - a scroll of noise {unknown}
 l - a scroll of summoning {unknown}
 t - 2 scrolls of immolation {unknown}
 u - a scroll of identify
 v - 2 scrolls of poison {unknown}
 x - 3 scrolls of teleportation {unknown}
Potions
 b - a potion of magic
 e - 3 potions of flight {unknown}
 g - 2 potions of lignification
 h - a potion of resistance {unknown}
 k - a potion of cancellation {unknown}
 m - a potion of heal wounds {unknown}
 s - 2 potions of attraction {unknown}
 w - a potion of curing {unknown}
 z - 2 potions of experience {unknown}


   Skills:
 + Level 0.1 Ranged Weapons
 + Level 2.7 Dodging
 + Level 2.6 Stealth
 + Level 5.3 Spellcasting
 + Level 6.5 Necromancy


You had 6 spell levels left.
You knew the following spells:

 Your Spells              Type           Power      Damage    Failure   Level
a - Necrotise             Necr           100%       1d9       1%          1
b - Vampiric Draining     Necr           34%        2d8       1%          3
c - Animate Dead          Necr           34%        N/A       7%          4

Your spell library contained the following spells:

 Spells                   Type           Power      Damage    Failure   Level
 Agony                    Necr           34%        N/A       19%         5


Dungeon Overview and Level Annotations

Branches:
Dungeon (4/15)
 Temple: D:4-7

Altars:
Ashenzari
Xom

Shops:
D:2 ?   D:3 *


Message History

Fire: o) +0 sling
Press: ? - help, Shift-Dir - straight line, f/p - necrophage
Aim: a necrophage (almost destroyed, 54% to hit)
You shoot a sling bullet.
The sling bullet barely misses the necrophage.
The necrophage hits you. The necrophage barely misses you.
Fire: o) +0 sling
Press: ? - help, Shift-Dir - straight line, f/p - necrophage
Aim: a necrophage (severely damaged, 54% to hit)
You shoot a sling bullet.
The sling bullet closely misses the necrophage.
The necrophage barely misses you.
Fire: o) +0 sling
Press: ? - help, Shift-Dir - straight line, f/p - necrophage
Aim: a necrophage (severely damaged, 54% to hit)
You shoot a sling bullet. The sling bullet hits the necrophage.
The necrophage is almost destroyed.
The necrophage hits you!
* * * LOW HITPOINT WARNING * * *
Fire: o) +0 sling
Press: ? - help, Shift-Dir - straight line, f/p - necrophage
Aim: a necrophage (almost destroyed, 54% to hit)
You shoot a sling bullet.
The sling bullet barely misses the necrophage.
The necrophage hits you.
* * * LOW HITPOINT WARNING * * *
The necrophage closely misses you.
Fire: o) +0 sling
Press: ? - help, Shift-Dir - straight line, f/p - necrophage
Aim: a necrophage (almost destroyed, 54% to hit)
You shoot a sling bullet.
The sling bullet barely misses the necrophage.
The necrophage misses you.
Fire: o) +0 sling
Press: ? - help, Shift-Dir - straight line, f/p - necrophage
Aim: a necrophage (almost destroyed, 54% to hit)
You shoot a sling bullet.
The sling bullet closely misses the necrophage.
The necrophage completely misses you. The necrophage hits you.
You die...

#. # .. #. #. ##.##.
..... ... #n###### #
#.@....# # # #..###.#
#.# #..# #.# #+## #.#
.#####..# #.##...## ..
........###.#.....## #
###................## ##
##....###.........###.
..........'.........+...
####.<.####......)..###.


You could see a necrophage.

Vanquished Creatures
  Natasha (thrice) (D:2)
  3 adders (D:2)
  2 dart slugs
  An orc (D:3)
  6 ball pythons (D:1)
  4 endoplasms
  3 goblins (D:1)
  4 hobgoblins
  4 jackals (D:2)
  2 quokkas
  5 bats
  5 frilled lizards
  6 kobolds
  5 rats
53 creatures vanquished.

Vanquished Creatures (collateral kills)
  A bat (D:1)
  An endoplasm (D:3)
  A hobgoblin (D:2)
  2 ball pythons (D:2)
  A goblin (D:3)
6 creatures vanquished.

Grand Total: 59 creatures vanquished

Notes
Turn   | Place    | Note
-------+----------+-------------------------------------------
     0 | D:1      | Priul the Deep Elf Necromancer began the quest for the Orb.
     0 | D:1      | Reached XP level 1. HP: 10/10 MP: 6/6
    36 | D:1      | Reached skill level 5 in Necromancy
   158 | D:1      | Reached XP level 2. HP: 15/15 MP: 6/8
   453 | D:1      | Found a faded altar of an unknown god.
   805 | D:2      | Reached XP level 3. HP: 10/19 MP: 2/10
  1014 | D:2      | Learned a level 3 spell: Vampiric Draining
  1070 | D:2      | Found Neydast's Magic Scroll Shop.
  1076 | D:2      | Bought a scroll of identify for 20 gold pieces
  1076 | D:2      | Bought a scroll of identify for 20 gold pieces
  1076 | D:2      | Bought a scroll of identify for 20 gold pieces
  1336 | D:2      | Noticed Natasha
  1343 | D:2      | Killed Natasha
  1344 | D:2      | Reached XP level 4. HP: 24/24 MP: 2/12
  1836 | D:2      | Noticed Natasha
  1842 | D:2      | Killed Natasha
  1843 | D:2      | Reached skill level 6 in Necromancy
  1845 | D:2      | Noticed Natasha
  1856 | D:2      | Killed Natasha
  1857 | D:2      | Reached skill level 5 in Spellcasting
  1857 | D:2      | Reached XP level 5. HP: 22/28 MP: 1/14
  2099 | D:3      | Found a broken altar of Ashenzari.
  2223 | D:3      | Learned a level 4 spell: Animate Dead
  2409 | D:3      | Found a shimmering altar of Xom.
  2562 | D:3      | Found Olywupsa's General Store.
  2753 | D:4      | Slain by a necrophage

Illustrated notes

Levels and vault maps discovered:
D:1:      minmay_arrival_plants_in_alcoves, layout_loops_cross,
          dreamdust_ecumenical_altar_angels_and_demons
D:2:      layout_basic, serial_shops, nicolae_shop_behind_doors,
          minmay_crystal_water, minmay_tetromino_s4, uniq_natasha
D:3:      minmay_evil_eye, layout_rooms, mainiacjoe_overflow_six_doors_small,
          overflow_temple_1_default, serial_shops, nicolae_shop_hallway_plus
D:4:      layout_loops_corners, mainiacjoe_overflow_concentric_impassable

Skill      XL: |  1  2  3  4 |
---------------+-------------+-----
Necromancy     | 5 6 |  6.5
Spellcasting   | 4 5 |  5.3
Ranged Weapons | |  0.1
Dodging        | |  2.7
Stealth        | |  2.6

Action                   |  1- 3 |  4- 6 || total
-------------------------+-------+-------++-------
 Fire: Sling             |       |    30 ||    30
 Cast: Necrotise         |    51 |    34 ||    85
       Vampiric Draining |     3 |     3 ||     6
       Animate Dead      |       |     1 ||     1
Evoke: Wand              |       |     3 ||     3
  Use: Scroll            |     3 |     1 ||     4
Armor: Robe              |     2 |     6 ||     8
Dodge: Dodged            |    13 |    22 ||    35
